[Event "ICC tourney 2029 (45 10)"]
[Site "Internet Chess Club"]
[Date "2020.10.03"]
[Round "5"]
[White "HenriVZ"]
[Black "mnm2"]
[Result "1-0"]
[ICCResult "Black resigns"]
[WhiteElo "1700"]
[BlackElo "1293"]
[Opening "Sicilian"]
[ECO "B56"]
[NIC "SI.25"]
[Time "21:02:30"]
[TimeControl "2700+10"]

1. e4 c5 2. Nf3 d6 3. d4 cxd4 4. Nxd4 Nf6 5. Nc3 Nc6 6. f3 Bd7 7. Be3 e5 8.
Nb3 Be7 9. Qd2 O-O 10. g4 h6 11. Rg1 g5 12. Rg3 a5 13. Bxg5 hxg5 14. Qxg5+
Kh8 15. Rh3+ Nh7 16. Qh6 Bh4+ 17. Rxh4 Qxh4+ 18. Qxh4 a4 19. Nd2 Nd4 20.
O-O-O a3 21. b3 Rfc8 22. Ndb1 Nxf3 23. Qf2 Bxg4 24. Be2 Nhg5 25. Qg3 Bh5 26.
Bxf3 Nxf3 27. Qh3 Kg7 28. Qxh5 Nd4 29. Rf1 Rc7 30. Rg1+ Kf6 31. Nd5+ Ke6 32.
Nxc7+ {Black resigns} 1-0

[Event "ICC tourney 2029 (45 10)"]
[Site "Internet Chess Club"]
[Date "2020.10.03"]
[Round "5"]
[White "wulovechess"]
[Black "Luc2008"]
[Result "1/2-1/2"]
[ICCResult "Game drawn because neither player has mating material"]
[WhiteElo "1577"]
[BlackElo "1683"]
[Opening "Sicilian: Najdorf, Lipnitzky attack"]
[ECO "B86"]
[NIC "SI.13"]
[Time "21:01:48"]
[TimeControl "2700+10"]

1. e4 c5 2. Nf3 d6 3. d4 cxd4 4. Nxd4 Nf6 5. Nc3 a6 6. Bc4 e6 7. O-O Be7 8.
Be3 O-O 9. f3 d5 10. exd5 exd5 11. Bb3 Nc6 12. Qd2 Be6 13. Rfe1 Qd7 14. Rad1
Rac8 15. a3 Rfd8 16. Na4 Nxd4 17. Bxd4 Rc6 18. Nb6 Qc7 19. Qf2 Bc5 20. Bxc5
Rxc5 21. Na4 Rc6 22. Nc3 h6 23. Rd2 Qb6 24. Qxb6 Rxb6 25. Red1 d4 26. Rxd4
Rxd4 27. Rxd4 Bxb3 28. cxb3 Rxb3 29. Rd8+ Kh7 30. Rd2 b5 31. Ne2 Re3 32. Nd4
Re7 33. Kf2 Rc7 34. g4 Nd5 35. Nxb5 axb5 36. Rxd5 Rc2+ 37. Kg3 Rxb2 38. Rd7
f6 39. Rb7 Rb3 40. Kf4 Rxa3 41. Rxb5 g5+ 42. Kg3 Kg6 43. Rb8 h5 44. gxh5+
Kxh5 45. Rh8+ Kg6 46. Rg8+ Kf5 47. Rh8 g4 48. Rh5+ Kg6 49. Kxg4 Ra4+ 50. f4
Rxf4+ 51. Kxf4 Kxh5 52. Kg3 Kg5 53. h4+ Kh5 54. Kh3 f5 55. Kg3 f4+ 56. Kxf4
Kxh4 {Game drawn because neither player has mating material} 1/2-1/2

[Event "ICC tourney 2029 (45 10)"]
[Site "Internet Chess Club"]
[Date "2020.10.03"]
[Round "5"]
[White "AJ2000"]
[Black "mopaska1106"]
[Result "0-1"]
[ICCResult "White checkmated"]
[WhiteElo "1632"]
[BlackElo "1965"]
[Opening "Sicilian: Labourdonnais-Löwenthal (Kalashnikov) variation"]
[ECO "B32"]
[NIC "SI.32"]
[Time "21:01:50"]
[TimeControl "2700+10"]

1. e4 c5 2. Nf3 Nc6 3. d4 cxd4 4. Nxd4 e5 5. Nb5 d6 6. c4 Be6 7. Be3 Be7 8.
N5c3 f5 9. exf5 Bxf5 10. Bd3 Be6 11. O-O Nf6 12. Nd2 O-O 13. f3 Nh5 14. b3
Nf4 15. Bc2 Bg5 16. Bxf4 Bxf4 17. Nde4 Nd4 18. Ne2 Be3+ 19. Kh1 Qh4 20. Qd3
Nxc2 21. Qxc2 Rf5 22. Qd3 Rh5 23. h3 Bxh3 24. Qxe3 Bxg2+ 25. Kg1 Bxf3 26.
Rxf3 Qh1+ 27. Kf2 Rh2+ 28. Kg3 Rg2# {White checkmated} 0-1

[Event "ICC tourney 2029 (45 10)"]
[Site "Internet Chess Club"]
[Date "2020.10.03"]
[Round "5"]
[White "TheDude865"]
[Black "rychessmaster1"]
[Result "0-1"]
[ICCResult "White resigns"]
[WhiteElo "1319"]
[BlackElo "2204"]
[Opening "Ruy Lopez: closed, Flohr-Zaitsev system (Lenzerheide variation)"]
[ECO "C92"]
[NIC "RL.26"]
[Time "21:01:37"]
[TimeControl "2700+10"]

1. e4 e5 2. Nf3 Nc6 3. Bb5 a6 4. Ba4 Nf6 5. O-O Be7 6. Re1 b5 7. Bb3 d6 8.
h3 O-O 9. c3 Bb7 10. d4 Re8 11. Nbd2 Bf8 12. a4 h6 13. Bc2 exd4 14. cxd4 Nb4
15. Bb1 c5 16. d5 g6 17. b3 Bg7 18. Bb2 bxa4 19. Rxa4 Bc8 20. Nf1 Bd7 21.
Ra3 Bb5 22. Ng3 Kh7 23. Qd2 Nd7 24. Bxg7 Kxg7 25. Qf4 Qe7 26. Nh4 Qf6 27.
Qxf6+ Kxf6 28. f4 Nxd5 29. f5 Nc3 30. Bc2 d5 31. fxg6 fxg6 32. Nf3 d4 33.
e5+ Nxe5 34. Ne4+ Nxe4 35. Bxe4 Nxf3+ 36. gxf3 Rad8 37. Ra2 g5 38. Kf2 Re6
39. Rd2 Bc6 40. Rc2 Bxe4 41. fxe4 Rc8 42. Kf3 Ke5 43. Rec1 Rf6+ 44. Ke2 Kxe4
45. Rxc5 d3+ 46. Kd2 Rf2+ 47. Kd1 Rf1+ 48. Kd2 Rxc1 49. Rxc1 Rxc1 50. Kxc1
h5 {White resigns} 0-1

[Event "ICC tourney 2029 (45 10)"]
[Site "Internet Chess Club"]
[Date "2020.10.03"]
[Round "5"]
[White "pianoboy"]
[Black "tcao"]
[Result "0-1"]
[ICCResult "White resigns"]
[WhiteElo "1886"]
[BlackElo "2069"]
[Opening "QGD: exchange, positional line, 5...c6"]
[ECO "D35"]
[NIC "QO.16"]
[Time "21:02:32"]
[TimeControl "2700+10"]

1. d4 e6 2. c4 d5 3. Nc3 Nf6 4. cxd5 exd5 5. Bg5 c6 6. e3 Bd6 7. Bd3 O-O 8.
Nge2 h6 9. Bf4 Re8 10. O-O Bxf4 11. Nxf4 Nbd7 12. b4 a6 13. a4 Ne4 14. Qc2
Ndf6 15. Rfe1 Nxc3 16. Qxc3 Ne4 17. Qc2 Bd7 18. Ne2 Rc8 19. f3 Nf6 20. Nc3
Qb6 21. Rab1 Qc7 22. e4 dxe4 23. fxe4 Ng4 24. h3 Qh2+ 25. Kf1 Qh1+ 26. Ke2
Qxg2+ 27. Kd1 Qxh3 28. e5 Ne3+ 29. Rxe3 Qxe3 {White resigns} 0-1

[Event "ICC tourney 2029 (45 10)"]
[Site "Internet Chess Club"]
[Date "2020.10.03"]
[Round "5"]
[White "marinaxiao"]
[Black "ethanpu"]
[Result "1/2-1/2"]
[ICCResult "Game drawn by mutual agreement"]
[WhiteElo "1432"]
[BlackElo "1358"]
[Opening "Giuoco Piano"]
[ECO "C54"]
[NIC "IG.02"]
[Time "21:01:46"]
[TimeControl "2700+10"]

1. e4 e5 2. Nf3 Nc6 3. Bc4 Bc5 4. c3 Nf6 5. d3 h6 6. a4 a6 7. O-O O-O 8. Re1
d6 9. d4 exd4 10. cxd4 Bb4 11. Bd2 Bxd2 12. Nbxd2 Bg4 13. Qc2 d5 14. exd5
Nxd5 15. Qe4 Nf6 16. Qd3 Nb4 17. Qb3 a5 18. Ne5 Qxd4 19. Bxf7+ Kh7 20. Bg6+
Kh8 21. Nf7+ Rxf7 22. Qxf7 Qxd2 23. Re7 Rg8 24. Qxf6 Nd5 25. Qf7 Nxe7 26.
Qxe7 Qxb2 27. Re1 Qb4 28. Qe5 Rd8 {Game drawn by mutual agreement} 1/2-1/2

[Event "ICC tourney 2029 (45 10)"]
[Site "Internet Chess Club"]
[Date "2020.10.03"]
[Round "5"]
[White "guineapig25"]
[Black "psampat"]
[Result "1-0"]
[ICCResult "Black checkmated"]
[WhiteElo "2028"]
[BlackElo "1858"]
[Opening "Caro-Kann: Tartakower (Nimzovich) variation"]
[ECO "B15"]
[NIC "CK.06"]
[Time "21:01:48"]
[TimeControl "2700+10"]

1. e4 c6 2. d4 d5 3. Nc3 dxe4 4. Nxe4 Nf6 5. Nxf6+ exf6 6. c3 Bd6 7. Bd3 O-O
8. Qc2 h5 9. Ne2 Bg4 10. Be3 b5 11. O-O-O Qa5 12. Kb1 Be6 13. b3 Na6 14. Nf4
Bxf4 15. Bxf4 c5 16. dxc5 Rac8 17. Bd6 Rfd8 18. b4 Qa3 19. Qb2 Bxa2+ 20.
Qxa2 Qxc3 21. Qb2 Qxb4 22. Qxb4 Nxb4 23. Bxb5 a6 24. Ba4 Nc6 25. Bxc6 Rxc6
26. Ka2 Re8 27. Rhe1 Rd8 28. Kb3 Rd7 29. Kc4 Rc8 30. Kd5 Rb7 31. Rb1 Ra7 32.
Rb8 Rxb8 33. Bxb8 Ra8 34. Bd6 a5 35. c6 a4 36. c7 Kh7 37. Rb1 a3 38. Bxa3
Rxa3 39. c8=Q Rd3+ 40. Ke4 Rd2 41. Ke3 Rd5 42. Rb8 Re5+ 43. Kf3 Kg6 44. g4
hxg4+ 45. Qxg4+ Rg5 46. Qe4+ f5 47. Rb6+ f6 48. Qe8+ Kh6 49. Rb4 Rh5 50. h4
f4 51. Rxf4 Re5 52. Qh8+ Kg6 53. Kg3 Kf7 54. Ra4 Kg6 55. Ra7 Kf5 56. Qh7+ g6
57. Qd7+ Re6 58. Ra5+ Ke4 59. Ra4+ Ke5 60. Qd4+ Kf5 61. Qf4# {Black
checkmated} 1-0

[Event "ICC tourney 2029 (45 10)"]
[Site "Internet Chess Club"]
[Date "2020.10.03"]
[Round "5"]
[White "joeandjoe56"]
[Black "nnrs"]
[Result "0-1"]
[ICCResult "White resigns"]
[WhiteElo "1762"]
[BlackElo "1650"]
[Opening "Sicilian: Kan, 5.Nc3"]
[ECO "B43"]
[NIC "SI.41"]
[Time "21:01:52"]
[TimeControl "2700+10"]

1. e4 c5 2. Nf3 e6 3. d4 cxd4 4. Nxd4 a6 5. Nc3 Qc7 6. Bd3 Nf6 7. O-O b5 8.
Be3 Bb7 9. f3 d5 10. exd5 b4 11. Ne4 Nxd5 12. Bf2 Be7 13. Qd2 O-O 14. Rfe1
Nd7 15. Kh1 N7f6 16. Rad1 Rfd8 17. Bg3 Qb6 18. Be5 Nd7 19. Ng5 g6 20. Nb3
Bxg5 21. Qxg5 f6 22. Bxf6 N7xf6 23. Bc4 Kf7 24. Nd4 h6 25. Qg3 Qc7 26. Nxe6
Qxc4 27. Rd4 Qc6 28. Nxd8+ Rxd8 {White resigns} 0-1

[Event "ICC tourney 2029 (45 10)"]
[Site "Internet Chess Club"]
[Date "2020.10.03"]
[Round "5"]
[White "orwind"]
[Black "CoastalJourney"]
[Result "1-0"]
[ICCResult "Black resigns"]
[WhiteElo "1520"]
[BlackElo "1652"]
[Opening "Scandinavian defense"]
[ECO "B01"]
[NIC "SD.03"]
[Time "21:01:48"]
[TimeControl "2700+10"]

1. e4 d5 2. exd5 Nf6 3. d4 Bg4 4. Be2 Bxe2 5. Nxe2 Qxd5 6. O-O Nc6 7. Nbc3
Qd8 8. Be3 e6 9. Ng3 Be7 10. Re1 O-O 11. Qd2 a6 12. Rad1 Nd5 13. Nxd5 Qxd5
14. a3 Na5 15. Qc3 Nc4 16. Ne2 b5 17. Nf4 Qb7 18. Nd3 Nd6 19. Nc5 Qd5 20.
Nd3 Ne4 21. Qxc7 Bd6 22. Qa5 Rfc8 23. f3 Nf6 24. Qd2 Qh5 25. Bf4 Qd5 26. c3
Bxf4 27. Nxf4 Qd7 28. Nd3 a5 29. Ne5 Qc7 30. Rc1 Qb7 31. c4 bxc4 32. Nxc4 a4
33. Nd6 Qd7 34. Nxc8 Rxc8 35. Rxc8+ Qxc8 36. Rc1 Qd7 37. Qb4 h6 38. Rc4 Nd5
39. Qxa4 Qb7 40. Qc2 g6 41. b4 Ne3 42. Rc8+ Kg7 43. Qc7 Qd5 44. Qe5+ Qxe5
45. dxe5 Nd5 46. b5 Nb6 47. Rc6 Nd5 48. b6 Nxb6 49. Rxb6 {Black resigns} 1-0

[Event "ICC tourney 2029 (45 10)"]
[Site "Internet Chess Club"]
[Date "2020.10.03"]
[Round "5"]
[White "aauman"]
[Black "Zuiopal"]
[Result "1/2-1/2"]
[ICCResult "Game drawn by repetition"]
[WhiteElo "1560"]
[BlackElo "1700"]
[Opening "Queen's pawn game, Darooha variation "]
[ECO "D02"]
[NIC "QP.09"]
[Time "21:01:54"]
[TimeControl "2700+10"]

1. Nf3 d5 2. d4 Nf6 3. c4 e6 4. g3 dxc4 5. Qa4+ Nc6 6. Bg2 Bd7 7. Qxc4 Bd6
8. Nc3 O-O 9. O-O a6 10. Qd3 Rb8 11. a3 h6 12. e4 e5 13. Nd5 Nxd5 14. exd5
Nxd4 15. Nxd4 exd4 16. Qxd4 Re8 17. f4 b6 18. b4 Bb5 19. Bb2 f6 20. Rfe1 Qd7
21. Re6 Rxe6 22. dxe6 Qe7 23. Re1 Rd8 24. Qc3 c5 25. bxc5 Bxc5+ 26. Kh1 Rd3
27. Qc2 Rd6 28. Qb3 Rd3 29. Qc2 Rd6 30. Qb3 Rd3 31. Qc2 Rd6 32. Qb3 Rd3 33.
Qc2 {Game drawn by repetition} 1/2-1/2

[Event "ICC tourney 2029 (45 10)"]
[Site "Internet Chess Club"]
[Date "2020.10.03"]
[Round "5"]
[White "hpu2005"]
[Black "happyscientist"]
[Result "0-1"]
[ICCResult "White resigns"]
[WhiteElo "1861"]
[BlackElo "1694"]
[Opening "King's Indian: Smyslov system"]
[ECO "E61"]
[NIC "KI.76"]
[Time "21:01:48"]
[TimeControl "2700+10"]

1. d4 Nf6 2. c4 g6 3. Nc3 Bg7 4. Nf3 d6 5. Bg5 O-O 6. e3 Nc6 7. Be2 e5 8.
O-O Re8 9. Re1 exd4 10. exd4 Bf5 11. d5 Ne5 12. Nd4 h6 13. Bh4 Qd7 14. Bg3
Nh5 15. Bxh5 gxh5 16. Bxe5 Bxe5 17. Qd2 Bg6 18. Nce2 Kh7 19. f4 Bg7 20. Ng3
h4 21. Nf1 h3 22. Ng3 Qg4 23. Qf2 hxg2 24. Kxg2 Re4 25. Rxe4 Bxe4+ 26. Kg1
f5 27. Ne6 Rg8 28. Rd1 Qxd1+ {White resigns} 0-1

[Event "ICC tourney 2029 (45 10)"]
[Site "Internet Chess Club"]
[Date "2020.10.03"]
[Round "5"]
[White "jairam09"]
[Black "tigertiger2019"]
[Result "1-0"]
[ICCResult "Black forfeits on time"]
[WhiteElo "1819"]
[BlackElo "1651"]
[Opening "King's Indian: Torre attack"]
[ECO "A48"]
[NIC "QP.02"]
[Time "21:01:59"]
[TimeControl "2700+10"]

1. d4 Nf6 2. Nf3 g6 3. Bg5 Ne4 4. Bf4 Bg7 5. e3 O-O 6. Bd3 Nf6 7. O-O d6 8.
Nbd2 Nbd7 9. h3 Re8 10. c3 e5 11. Bg5 h6 12. Bxf6 Nxf6 13. Bc4 exd4 14. exd4
c5 15. dxc5 dxc5 16. Qb3 Qc7 17. Rfe1 Bf5 18. Nh4 Be4 19. Nxe4 Nxe4 20. Bd5
Qf4 21. Nf3 Nd6 22. Rad1 Rad8 23. Rxe8+ Rxe8 24. Qc2 Qf6 25. Qa4 Rd8 26.
Qxa7 c4 27. Qa5 Qe7 28. Bxc4 Rc8 29. Bb3 Ne4 30. Qd5 Nc5 31. Re1 Qc7 32. Bc2
Qc6 33. Qc4 {Black forfeits on time} 1-0

[Event "ICC tourney 2029 (45 10)"]
[Site "Internet Chess Club"]
[Date "2020.10.03"]
[Round "5"]
[White "helavir"]
[Black "StayCalm"]
[Result "1-0"]
[ICCResult "Black resigns"]
[WhiteElo "2626"]
[BlackElo "2165"]
[Opening "Sicilian: Najdorf, Byrne (English) attack"]
[ECO "B90"]
[NIC "SI.14"]
[Time "21:02:14"]
[TimeControl "2700+10"]

1. e4 c5 2. Nf3 d6 3. d4 cxd4 4. Nxd4 Nf6 5. Nc3 a6 6. Be3 e5 7. Nf3 Be7 8.
Bc4 O-O 9. O-O Be6 10. Bb3 h6 11. Nh4 Qc8 12. Na4 Bxb3 13. Nb6 Qc6 14. Nf5
Bd8 15. cxb3 Qxe4 16. Nxd6 Qh4 17. Nxa8 Ng4 18. h3 Nxe3 19. fxe3 Nc6 20. Qd5
Bg5 21. Rxf7 Bxe3+ 22. Kh1 {Black resigns} 1-0

[Event "ICC tourney 2029 (45 10)"]
[Site "Internet Chess Club"]
[Date "2020.10.03"]
[Round "5"]
[White "keb2020"]
[Black "xyzchessdude"]
[Result "1-0"]
[ICCResult "Black forfeits on time"]
[WhiteElo "1854"]
[BlackElo "2020"]
[Opening "Van't Kruijs opening"]
[ECO "A00"]
[Time "21:01:58"]
[TimeControl "2700+10"]

1. e3 Nf6 2. b3 g6 3. Bb2 Bg7 4. Nf3 b6 5. g3 Bb7 6. Bg2 O-O 7. O-O c5 8. c4
Qc7 9. Nc3 a6 10. d4 e6 11. dxc5 bxc5 12. Ne2 Nc6 13. a3 Rad8 14. Qc2 d6 15.
Rad1 Ne8 16. Bxg7 Kxg7 17. Nf4 Kg8 18. Qb2 a5 19. h4 Qe7 20. Rd2 Ba8 21. e4
Rb8 22. a4 Nf6 23. Re2 Ng4 24. h5 Nge5 25. Nxe5 dxe5 26. Nh3 Nd4 27. Re3 Rb4
28. hxg6 hxg6 29. f4 Rfb8 30. fxe5 Rxb3 31. Rxb3 Rxb3 32. Qf2 Rxg3 33. Kh2
Rc3 34. Ng5 Rc2 35. Qh4 f5 36. exf6 Qc7+ 37. Kh1 Nf5 38. Rxf5 exf5 39. f7+
{Black forfeits on time}
1-0

[Event "ICC tourney 2029 (45 10)"]
[Site "Internet Chess Club"]
[Date "2020.10.03"]
[Round "5"]
[White "ASharikov"]
[Black "jy2020"]
[Result "1-0"]
[ICCResult "Black checkmated"]
[WhiteElo "2326"]
[BlackElo "2214"]
[Opening "Nimzo-Indian: Reshevsky variation"]
[ECO "E46"]
[NIC "NI.10"]
[Time "21:01:48"]
[TimeControl "2700+10"]

1. d4 Nf6 2. c4 e6 3. Nc3 Bb4 4. e3 O-O 5. Ne2 d5 6. a3 Be7 7. cxd5 exd5 8.
Nf4 c6 9. Bd3 Re8 10. O-O Nbd7 11. Qc2 Nf8 12. f3 Bd6 13. Qf2 Qc7 14. g4 g5
15. Nfe2 Ng6 16. h3 h5 17. e4 Bf4 18. e5 Bxc1 19. Raxc1 Nh7 20. Nxd5 Qd8 21.
Ne3 Nhf8 22. Rcd1 Be6 23. f4 gxf4 24. Nxf4 Qh4 25. Nxh5 Qxf2+ 26. Rxf2 Red8
27. Bc2 Kh8 28. Nf5 c5 29. dxc5 Nxe5 30. Nd6 b6 31. Be4 Rab8 32. c6 Rbc8 33.
Rfd2 Nxc6 34. Nxc8 Rxc8 35. Bxc6 Rxc6 36. Rd8 Kg8 37. Rb8 f5 38. Rdd8 Rc1+
39. Kf2 Rc2+ 40. Kg3 fxg4 41. Rxf8+ Kh7 42. Rb7+ Kg6 43. Nf4+ Kh6 44. Nxe6
gxh3 45. Rf6+ Kh5 46. Rh7# {Black checkmated} 1-0

[Event "ICC tourney 2029 (45 10)"]
[Site "Internet Chess Club"]
[Date "2020.10.03"]
[Round "5"]
[White "JACOBCHESS857"]
[Black "peekaboopenguin"]
[Result "1-0"]
[ICCResult "Black checkmated"]
[WhiteElo "1355"]
[BlackElo "1668"]
[Opening "Sicilian: Kan, 5.Nc3"]
[ECO "B43"]
[NIC "SI.41"]
[Time "21:01:37"]
[TimeControl "2700+10"]

1. e4 c5 2. Nf3 e6 3. d4 cxd4 4. Nxd4 a6 5. Nc3 Qc7 6. Be2 Nf6 7. O-O Be7 8.
Kh1 O-O 9. f4 d6 10. Bf3 Nc6 11. Be3 Bd7 12. Qd2 Rac8 13. Rad1 Rfd8 14. Nb3
e5 15. Nd5 Nxd5 16. exd5 Nb8 17. c3 Bb5 18. Rf2 Bf6 19. Bg4 Nd7 20. Be2 Bxe2
21. Qxe2 Nf8 22. Qg4 Qe7 23. fxe5 Bxe5 24. Bd4 Bxd4 25. Nxd4 Ng6 26. Nf5 Qc7
27. Rdf1 f6 28. Nd4 Re8 29. Rf5 Qd7 30. Qg3 Re7 31. Ne6 Rce8 32. Rh5 Rf7 33.
Rhf5 Kh8 34. Rh5 Kg8 35. Rhf5 b5 36. b4 Qc8 37. h4 Kh8 38. Rh5 Ne5 39. Rhf5
Rg8 40. R5f4 Qb7 41. Rd4 Qd7 42. Rdf4 Ng6 43. Rf5 Ne7 44. Ng5 Rff8 45. R5f2
Nxd5 46. Qd3 fxg5 47. Rxf8 Nf4 48. Qf5 Qc6 49. Rxg8+ Kxg8 50. Qg4 Qxc3 51.
hxg5 Ng6 52. Qe6+ Kh8 53. Qe8+ Nf8 54. Qxf8# {Black checkmated} 1-0

[Event "ICC tourney 2029 (45 10)"]
[Site "Internet Chess Club"]
[Date "2020.10.03"]
[Round "5"]
[White "GGuseinov"]
[Black "Openyagami"]
[Result "0-1"]
[ICCResult "White resigns"]
[WhiteElo "2696"]
[BlackElo "2596"]
[Opening "Sicilian: Taimanov variation"]
[ECO "B48"]
[NIC "SI.40"]
[Time "21:01:50"]
[TimeControl "2700+10"]

1. e4 c5 2. Nc3 e6 3. Nf3 Nc6 4. d4 cxd4 5. Nxd4 Qc7 6. Be3 Nf6 7. f4 d6 8.
Qf3 a6 9. O-O-O Bd7 10. Kb1 Rc8 11. g4 Nxd4 12. Rxd4 d5 13. exd5 Nxd5 14.
Rxd5 Bc6 15. Qe4 Be7 16. Bd3 exd5 17. Nxd5 Bxd5 18. Qxd5 Qc6 19. Be4 Qxd5
20. Bxd5 Rc7 21. Rd1 Bd6 22. Bb6 Re7 23. Bxb7 Rxb7 24. Rxd6 Rd7 25. Rd4 Rxd4
26. Bxd4 Kd7 27. g5 Re8 28. c3 Re4 29. Bxg7 Rxf4 30. b4 Rf2 31. h4 Kc6 32.
a4 Kd5 33. h5 Kc4 34. a5 Rf5 35. Kc2 Rxg5 36. h6 Rg2+ 37. Kd1 f5 38. Ke1 f4
39. Kf1 f3 40. Bd4 Ra2 41. Bg7 Kd3 42. Bd4 Ke4 43. Bg7 Rc2 44. Bd4 Kd3 45.
Bg7 f2 46. Bd4 Ra2 47. Kg2 Rb2 48. Kf1 Rc2 49. Kg2 Rxc3 50. Bxf2 Rc6
{White resigns}
0-1

[Event "ICC tourney 2029 (45 10)"]
[Site "Internet Chess Club"]
[Date "2020.10.03"]
[Round "5"]
[White "liuchess"]
[Black "wahoo"]
[Result "0-1"]
[ICCResult "White resigns"]
[WhiteElo "1579"]
[BlackElo "1767"]
[Opening "Scandinavian (center counter) defense"]
[ECO "B01"]
[NIC "SD.01"]
[Time "21:01:45"]
[TimeControl "2700+10"]

1. e4 d5 2. exd5 Qxd5 3. Nc3 Qa5 4. d4 c6 5. Nf3 Bg4 6. Be2 Nd7 7. Bf4 Ngf6
8. h3 Bf5 9. Qd2 e6 10. a3 Be7 11. O-O O-O 12. Bd3 Bxd3 13. Qxd3 Nd5 14. Bd2
Nxc3 15. Bxc3 Qc7 16. Rfe1 Rad8 17. Qc4 Nb6 18. Qe2 Nd5 19. Bd2 c5 20. c4
Nf6 21. d5 Bd6 22. dxe6 fxe6 23. Qxe6+ Kh8 24. Qe3 Rde8 25. Qd3 Rd8 26. Qc2
Bf4 27. Bc3 Qf7 28. Be5 Bxe5 29. Rxe5 Qc7 30. Rae1 Rd7 31. Ng5 Qc8 32. Ne6
Re8 33. Nxc5 Rxe5 34. Rxe5 Rc7 35. Nd3 Rxc4 36. Qe2 Rd4 37. Qe3 Qd8 38. Nc5
Rd1+ 39. Kh2 b6 40. Ne6 Qd6 41. f4 h6 42. Qg3 Qd7 43. Nf8 Qd4 44. Qe3 Qd8
45. Ng6+ Kh7 46. Ne7 Rd3 47. Qc1 Qd4 48. Nf5 Qf2 49. Re1 Rd2 50. Rg1 Qxf4+
51. Ng3 Ne4 52. Qe1 Qxg3+ 53. Qxg3 Nxg3 54. Kxg3 Rxb2 55. Ra1 Kg6 56. Kf3
Kf5 57. g4+ Ke5 58. Re1+ Kf6 59. Re3 a5 60. Kf4 b5 61. h4 Rf2+ 62. Kg3 Rc2
63. Kf4 Rc4+ 64. Kg3 b4 65. axb4 axb4 66. Re1 b3 67. Rb1 Rc3+ 68. Kf4 Ke6
69. g5 h5 70. Re1+ Kf7 71. Rb1 g6 72. Rb2 Ke6 73. Re2+ Kd5 74. Rd2+ Kc5 75.
Ke5 Kb4 76. Kf6 Rc6+ 77. Kg7 Ka3 78. Rd3 Ka2 79. Rd5 Ra6 80. Rd2+ b2 81.
Rxb2+ Kxb2 82. Kh6 Kc3 83. Kg7 Kd4 84. Kf7 Ke4 85. Kg7 Kf4 86. Kh6 Kg4 87.
Kg7 Kxh4 88. Kh6 Kg4 89. Kg7 h4 90. Kh6 h3 91. Kg7 h2 92. Kh6 h1=Q+ 93. Kg7
Qb7+ {White resigns} 0-1

[Event "ICC tourney 2029 (45 10)"]
[Site "Internet Chess Club"]
[Date "2020.10.03"]
[Round "5"]
[White "Lukastico"]
[Black "KittiesRock18"]
[Result "0-1"]
[ICCResult "White resigns"]
[WhiteElo "1915"]
[BlackElo "1581"]
[Opening "Réti opening"]
[ECO "A30"]
[NIC "QP.10"]
[Time "21:02:07"]
[TimeControl "2700+10"]

1. Nf3 c5 2. c4 d6 3. Nc3 Nc6 4. g3 g6 5. Bg2 Nf6 6. d4 cxd4 7. Nxd4 Bd7 8.
O-O Bg7 9. b3 Ng4 10. e3 Nxd4 11. exd4 Qb6 12. Be3 Nxe3 13. fxe3 O-O 14. Nd5
Qd8 15. Qf3 Bf5 16. g4 Bd7 17. Qg3 Rb8 18. Qh4 f6 19. Rf3 e6 20. Rh3 h6 21.
Nc3 f5 22. Qg3 fxg4 23. Qxg4 e5 24. Bd5+ Kh7 25. Be6 Bxe6 26. Qxe6 exd4 27.
Nd5 Be5 28. Kh1 dxe3 29. Rg1 Qe8 30. Qg4 Rf2 31. Nxe3 Rxa2 32. Qh4 Bg7 33.
Rhg3 Qf7 34. Qe4 Be5 35. Rh3 Rf8 36. Ng4 Bf4 37. Rf1 Qg7 38. Rhf3 Ra1 39.
Kg2 Rxf1 40. Rxf1 Qf7 41. h4 d5 42. cxd5 Qf5 43. Qxf5 Rxf5 44. Re1 h5 45.
Re7+ Kg8 46. Nf2 Rxd5 47. Rxb7 Be3 48. Ne4 Rd3 49. Nf6+ Kf8 50. Nd7+ Ke8 51.
Ne5 Rd6 52. Kf3 Bd4 53. Nc4 Rd7 54. Rb8+ Ke7 55. Rg8 Kf7 56. Rc8 Bf6 57. Ra8
Rd3+ 58. Ke4 Rxb3 59. Rxa7+ Kg8 60. Nd6 Bxh4 61. Kd5 Bf2 62. Ke6 Bxa7
{White resigns}
0-1

[Event "ICC tourney 2029 (45 10)"]
[Site "Internet Chess Club"]
[Date "2020.10.03"]
[Round "5"]
[White "drberkley"]
[Black "mancogu"]
[Result "0-1"]
[ICCResult "White resigns"]
[WhiteElo "1890"]
[BlackElo "1602"]
[Opening "Sicilian: closed"]
[ECO "B23"]
[NIC "SI.44"]
[Time "21:01:38"]
[TimeControl "2700+10"]

1. e4 c5 2. Nc3 e6 3. f4 Nc6 4. Nf3 Nge7 5. d3 g6 6. Be2 Bg7 7. O-O O-O 8.
Be3 b6 9. e5 d6 10. exd6 Qxd6 11. Ne4 Qc7 12. c3 Bb7 13. Qe1 Rad8 14. Rd1
Nf5 15. Bc1 Nce7 16. Ne5 b5 17. g4 Nd6 18. Ng5 h6 19. Nh3 Nc6 20. Bf3 Nc8
21. Qe2 b4 22. Rfe1 N8e7 23. Bd2 Nxe5 24. fxe5 Bxf3 25. Qxf3 Kh7 26. Qg3 a5
27. Nf2 Nc6 28. Be3 Ne7 29. d4 bxc3 30. bxc3 Nd5 31. Bd2 cxd4 32. cxd4 a4
33. Rc1 Qa7 34. Qd3 Kg8 35. Kf1 Rb8 36. Ne4 Nb4 37. Bxb4 Rxb4 38. Rc4 Rxc4
39. Qxc4 a3 40. Rc1 Qb7 41. Qd3 Rb8 42. Kg1 Qb2 43. Rc2 Qb1+ 44. Kg2 Rb2 45.
Rxb2 Qxd3 46. Rb8+ Kh7 47. Nf6+ Bxf6 48. exf6 Qd2+ 49. Kh3 Qxa2 50. Rf8 Qb3+
51. Kg2 e5 52. dxe5 a2 {White resigns} 0-1

[Event "ICC tourney 2029 (45 10)"]
[Site "Internet Chess Club"]
[Date "2020.10.03"]
[Round "5"]
[White "bonnelleo1"]
[Black "Gfprasanna"]
[Result "1/2-1/2"]
[ICCResult "Game drawn by mutual agreement"]
[WhiteElo "1927"]
[BlackElo "2127"]
[Opening "Queen's pawn, Mason variation"]
[ECO "D00"]
[NIC "QP.08"]
[Time "21:01:45"]
[TimeControl "2700+10"]

1. d4 d5 2. Bf4 c6 3. c3 Nf6 4. Nf3 Bf5 5. Qb3 Qb6 6. Nbd2 Nbd7 7. e3 e6 8.
Be2 Be7 9. Ne5 h6 10. h3 Bh7 11. O-O O-O 12. c4 Nxe5 13. Bxe5 Nd7 14. Bg3
dxc4 15. Qxb6 Nxb6 16. Nxc4 Nxc4 17. Bxc4 Rfd8 18. Rac1 Rac8 19. Rfd1 Bg6
20. Be2 Rd7 21. a3 Rcd8 22. Be5 f6 23. Bg3 Bf7 24. Kf1 Bd6 25. Bxd6 Rxd6 26.
Ke1 Kf8 27. Bf3 Ke7 28. Rc5 Be8 29. Rdc1 a6 30. R5c3 Kd7 31. Rc5 Kc7 32. a4
g5 33. b4 Kb8 34. Be2 Rd5 35. Bf3 Rxc5 36. Rxc5 Bd7 37. a5 Kc7 38. Be2 Kd6
39. Kd2 Be8 40. Bd3 Bf7 41. Ke2 Re8 42. Kd2 e5 43. Bc4 Bxc4 44. Rxc4 exd4
45. Rxd4+ Kc7 46. h4 Re5 47. hxg5 hxg5 48. g4 Rb5
{Game drawn by mutual agreement}
1/2-1/2